 Dungeon Crawl Stone Soup version 0.20.1-1-g8b1a95d (webtiles) character file.

247 vineage the Shield-Bearer (level 5, -3/41 HPs)
             Began as a Demonspawn Fighter on Oct 6, 2017.
             Slain by an ogre
             ... wielding a +0 giant club
              (27 damage)
             ... on level 3 of the Dungeon.
             The game lasted 00:04:24 (2608 turns).

vineage the Shield-Bearer (Demonspawn Fighter)      Turns: 2608, Time: 00:04:25

Health: -3/41      AC:  8    Str: 17    XL:     5   Next: 85%
Magic:  5/5        EV:  7    Int: 10    God:
Gold:   145        SH:  9    Dex: 12    Spells: 4/4 levels left

rFire    + + .     SeeInvis .   a - +0 long sword
rCold    + . .     Gourm    .   c - +0 shield
rNeg     . . .     Faith    .   b - +0 scale mail
rPois    .         Spirit   .   (no helmet)
rElec    .         Reflect  .   q - scarf {rC+ rF+}
rCorr    .         Harm     .   (no gloves)
MR       .....                  (no boots)
Stlth    ..........             (no amulet)
Regen    0.2/turn               i - ring of protection from fire
MPRegen  0.1/turn               (no ring)

@: no status effects
A: claws 1, yellow scales 1
a: no special abilities


You were on level 3 of the Dungeon.
You were very hungry.

You visited 1 branch of the dungeon, and saw 3 of its levels.

You collected 145 gold pieces.

Inventory:

Hand Weapons
 a - a +0 long sword (weapon)
Armour
 b - a +0 scale mail (worn)
 c - a +0 shield (worn)
 q - a scarf of resistance (worn)
Jewellery
 i - a ring of protection from fire (left claw)
 r - a cursed ring of teleportation {unknown}
 s - an uncursed ring of protection from cold {unknown}
Scrolls
 d - 5 scrolls of enchant armour {unknown}
 e - 3 scrolls of identify {unknown}
 h - 3 scrolls of enchant weapon {unknown}
 j - a scroll of fear {unknown}
 k - 2 scrolls of blinking {unknown}
 l - 2 scrolls of remove curse {unknown}
 p - a scroll of teleportation {unknown}
 u - 2 scrolls of magic mapping {unknown}
Potions
 o - a potion of brilliance {unknown}
Comestibles
 f - 2 bread rations
 g - 2 royal jellies
 m - a meat ration
 n - 4 fruits


   Skills:
 + Level 3.6 Fighting
 + Level 3.2 Long Blades
 + Level 3.6 Armour
 + Level 1.2 Dodging
 + Level 0.4 Stealth
 + Level 3.8 Shields


You had 4 spell levels left.
You didn't know any spells.

Dungeon Overview and Level Annotations

Branches:
Dungeon (3/15)

Altars:
Uskayaw
Yredelemnul


Innate Abilities, Weirdness & Mutations

You have sharp fingernails.
You are partially covered in yellow scales. (AC +2)


Message History

The ogre is moderately wounded.
The ogre barely misses you.
You riposte.
You barely miss the ogre.
The ogre is moderately wounded.
You hit the ogre.
The ogre is heavily wounded.
The ogre hits you with a giant club.
You hit the ogre but do no damage.
The ogre is heavily wounded.
You block the ogre's attack.
You hit the ogre but do no damage.
The ogre is heavily wounded.
The ogre hits you with a giant club.
You hit the ogre.
The ogre is severely wounded.
You block the ogre's attack.
You hit the ogre.
The ogre is severely wounded.
The ogre hits you with a giant club!!
Ouch! That really hurt!
You die...

#......................#
#..####.####.####..###.#
#.# #.# #..##>.. #.# .#
#....... #<### ###
##.##..) #g..#%g.#
#.###.# #g#.'gg.# #.#
#.# #O###gO.# .. ... #@#
#### #### #.# #.#
##########
..#######.........
###.......######## #.#
..#.8.8.8.## #.#
#.#........###### #.#
#.#.............# ##.##
###.#......#..#####


You could see an ogre and 2 goblins.

Vanquished Creatures
  Natasha (thrice) (D:3)
  A worker ant (D:3)
  4 gnolls (D:2)
  An adder (D:2)
  2 oozes
  2 dart slugs (D:1)
  3 leopard geckos
  6 orcs (D:3)
  5 giant cockroaches
  14 goblins
  9 hobgoblins
  3 jackals (D:2)
  2 quokkas (D:3)
  8 bats
  3 frilled lizards
  9 kobolds
  6 rats
81 creatures vanquished.

Notes
Turn   | Place    | Note
-------+----------+-------------------------------------------
     0 | D:1      | vineage the Demonspawn Fighter began the quest for the Orb.
     0 | D:1      | Reached XP level 1. HP: 18/18 MP: 1/1
   176 | D:1      | Gained mutation: You are partially covered in yellow scales. (AC +2) [demonic ancestry]
   176 | D:1      | Reached XP level 2. HP: 24/24 MP: 2/2
   635 | D:1      | Gained mutation: You have sharp fingernails. [demonic ancestry]
   635 | D:1      | Reached XP level 3. HP: 28/29 MP: 3/3
   742 | D:2      | HP: 1/29 [gnoll (4)]
   743 | D:2      | Reached skill level 1 in Dodging
   743 | D:2      | Reached XP level 4. HP: 2/35 MP: 4/4
  1793 | D:3      | Found a basalt altar of Yredelemnul.
  1930 | D:3      | Noticed Natasha
  1942 | D:3      | Killed Natasha
  1942 | D:3      | Reached XP level 5. HP: 30/41 MP: 5/5
  2010 | D:3      | Noticed Natasha
  2012 | D:3      | Found a hide-covered altar of Uskayaw.
  2024 | D:3      | Killed Natasha
  2186 | D:3      | Noticed Natasha
  2217 | D:3      | Killed Natasha
  2578 | D:3      | Noticed an ogre
  2608 | D:3      | Slain by an ogre

Skill      XL: |  1  2  3  4  5 |
---------------+----------------+-----
Shields        | 3 |  3.8
Long Blades    | 2 3 |  3.2
Armour         | 3 |  3.6
Dodging        | 1 |  1.2
Fighting       | |  3.6
Stealth        | |  0.4

Action                   |  1- 3 |  4- 6 || total
-------------------------+-------+-------++-------
Melee: Long sword        |    97 |   203 ||   300
  Use: Potion            |     1 |     3 ||     4
 Stab: Invisible         |       |     3 ||     3
  Eat: Chunk             |       |     5 ||     5
Armor: Scale mail        |    63 |    90 ||   153
Dodge: Dodged            |    25 |    55 ||    80
Block: Shield            |    64 |   105 ||   169
       Rpst.: Long sword |     9 |    18 ||    27
